 Dungeon Crawl Stone Soup version 0.31-a0-596-g831eee08f1 (webtiles) character file.

Game seed: 8199737857034334282

198 ptdnxyz the Magician (level 6, -4/46 HPs)
             Began as a Djinni Fire Elementalist on Aug 20, 2023.
             Was an Initiate of Gozag.
             Slain by a two-headed ogre
             ... wielding a +0 giant club
              (30 damage)
             ... on level 5 of the Dungeon.
             The game lasted 00:05:29 (3554 turns).

ptdnxyz the Magician (Djinni Fire Elementalist)     Turns: 3554, Time: 00:05:29

Health: -4/46      AC:  3    Str:  7    XL:     6   Next: 6%
Gold:   281        EV: 12    Int: 18    God:    Gozag SH:  0 Dex: 14

rFire   + + .        m - +1 morningstar "Miokhlera" {freeze, +Blink Will+ Stlth+}
rCold   x . .        (no shield)
rNeg    . . .        a - +0 robe
rPois   ∞            (no helmet)
rElec   .            b - +0 cloak
rCorr   .            (no gloves)
SInv    .            (boots unavailable)
Will    +....        (no amulet)
Stlth   +++          (no ring)
HPRegen 0.27/turn    (no ring)
MPRegen 0.00/turn

%: infuse magic (-5 HP)
@: flying
A: sickness immunity, fire resistance 2, cold vulnerability 1, float, innate
caster, HP casting, extra vitality 1
a: Renounce Religion, Evoke Blink, Potion Petition, Call Merchant, Bribe Branch


You were on level 5 of the Dungeon.
You worshipped Gozag.
Gozag was aware of your devotion.
You visited 1 branch of the dungeon, and saw 5 of its levels.

You collected 337 gold pieces.
You paid 56 gold pieces to Gozag.

Inventory:

Hand Weapons
 h - a +0 dagger
 i - a +1 dagger of venom
 m - the +1 morningstar "Miokhlera" (weapon) {freeze, +Blink Will+ Stlth+}
   (You found it on level 3 of the Dungeon)

   Will+:     It increases your willpower.
   +Blink:    It lets you blink.
   Stlth+:    It makes you more stealthy.
Armour
 a - a +0 robe (worn)
 b - a +0 cloak (worn)
Talismans
 r - a beast talisman
Scrolls
 d - 3 scrolls of blinking {unknown}
 e - 6 scrolls of identify {unknown}
 g - 3 scrolls of enchant armour {unknown}
 j - a scroll of fog {unknown}
 l - a scroll of torment {unknown}
 n - a scroll of butterflies {unknown}
 o - a scroll of vulnerability {unknown}
 q - a scroll of noise {unknown}
 t - a scroll of brand weapon {unknown}
 u - 2 scrolls of teleportation {unknown}
Potions
 c - a potion of resistance {unknown}
 f - 2 potions of attraction {unknown}
 k - 2 potions of curing {unknown}
 p - a potion of degeneration {unknown}
 s - a potion of lignification {unknown}


   Skills:
 + Level 3.6 Fighting
 - Level 2.1 Dodging
 - Level 1.5 Stealth
 + Level 4.1 Spellcasting
 + Level 4.1 Conjurations
 + Level 4.1 Hexes
 + Level 4.1 Summonings
 + Level 4.1 Necromancy
 + Level 4.1 Translocations
 + Level 4.1 Transmutations
 + Level 4.1 Fire Magic
 + Level 4.1 Ice Magic
 + Level 4.1 Air Magic
 + Level 4.1 Earth Magic
 + Level 4.1 Poison Magic


You knew the following spells:

 Your Spells              Type           Power      Damage    Failure   Level
a - Foxfire               Conj/Fire      72%        2x1d7     2%          1
b - Scorch                Fire           36%        2d6       4%          2
c - Volatile Blastmotes   Fire/Tloc      36%        2d13      9%          3
d - Inner Flame           Hex/Fire       18%        N/A       9%          3
e - Flame Wave            Conj/Fire      18%        2d7       26%         4
f - Sandblast             Erth           36%        2d10      2%          1
g - Passwall              Tmut/Erth      15%        N/A       4%          2
Your spell library was empty.

Dungeon Overview and Level Annotations

Branches:
Dungeon (5/15)
 Temple: D:4-7

Altars:
Fedhas
Gozag
Uskayaw


Innate Abilities, Weirdness & Mutations

You are immune to sickness and miasma.
You are immune to poison.
Your flesh is very heat resistant. (rF++)
You are vulnerable to cold. (rC-)
You float through the air rather than walking.
You learn spells naturally, not from books.
Your magical power is your life essence.
You have superior vitality. (+4 MHP)


Message History

What level of the Dungeon? (default 4, ? - help)
There is a stone staircase leading down here.
You fly downwards.
Found a sedimented clear potion and an orange potion.
There is a stone staircase leading up here.
A two-headed ogre is nearby!
You conjure some foxfire!
You conjure some foxfire!
The foxfire hits the two-headed ogre.
The two-headed ogre is lightly wounded.
You conjure some foxfire!
The foxfire hits the two-headed ogre.
The two-headed ogre is lightly wounded.
You conjure some foxfire!
The foxfire hits the two-headed ogre but does no damage.
The two-headed ogre is lightly wounded.
You conjure some foxfire!
You conjure some foxfire!
The foxfire hits the two-headed ogre but does no damage.
The two-headed ogre is lightly wounded.
Casting: Foxfire (safe; 2% risk of failure)
Confirm with . or Enter, or press ? or * to list all spells.
Flames lash the two-headed ogre.
The two-headed ogre is lightly wounded.
The two-headed ogre's fire resistance burns away.
The foxfire hits the two-headed ogre.
The two-headed ogre is moderately wounded.
Casting: Scorch (safe; 4% risk of failure)
Confirm with . or Enter, or press ? or * to list all spells.
Flames lash the two-headed ogre.
The two-headed ogre is burned terribly!
The two-headed ogre is moderately wounded.
Unknown command.
Casting: Scorch (safe; 4% risk of failure)
Confirm with . or Enter, or press ? or * to list all spells.
Flames lash the two-headed ogre.
The two-headed ogre is burned terribly!
The two-headed ogre is severely wounded.
You hear a shout!
The two-headed ogre hits you with a +0 giant club!
The two-headed ogre hits you with a +0 giant club!!
Ouch! That really hurt!
You die...
Your body crumbles into a pile of gold.

. .## ..#
#.# #.#
#.# #.#
#@#
#O.......
#.####.#.
!.. .!.
.....
.....
.......


You could see a two-headed ogre (combustible).

Vanquished Creatures
  A scorpion (D:4)
  A hound (D:4)
  2 adders (D:4)
  2 worms (D:2)
  3 dart slugs
  4 orcs (D:3)
  6 ball pythons
  10 endoplasms
  2 giant cockroaches
  7 goblins
  3 hobgoblins
  10 jackals
  8 kobolds
  2 quokkas
  5 bats
  2 frilled lizards (D:2)
  4 rats
72 creatures vanquished.

Vanquished Creatures (collateral kills)
  2 foxfires (D:1)
2 creatures vanquished.

Vanquished Creatures (others)
  244 foxfires
244 creatures vanquished.

Grand Total: 318 creatures vanquished

Notes
Turn   | Place    | Note
-------+----------+-------------------------------------------
     0 | D:1      | ptdnxyz the Djinni Fire Elementalist began the quest for
                  | the Orb.
     0 | D:1      | ptdnxyz set off with the following spells memorised:
                  | Foxfire, Scorch, Volatile Blastmotes, Inner Flame, Flame
                  | Wave.
     0 | D:1      | Reached XP level 1. HP: 15/15 MP: 0/0
   104 | D:1      | Reached XP level 2. HP: 18/22 MP: 0/0
   148 | D:1      | Reached skill level 1 in Fighting
   363 | D:1      | Reached XP level 3. HP: 25/27 MP: 0/0
   363 | D:1      | Learned a level 1 spell: Sandblast
  1065 | D:2      | Reached XP level 4. HP: 28/33 MP: 0/0
  1838 | D:3      | Identified the +1 morningstar "Miokhlera" {freeze, +Blink
                  | Will+ Stlth+}
  1912 | D:3      | Found an opulent altar of Gozag.
  2085 | D:3      | Became a worshipper of Gozag Ym Sagoz the Greedy
  2150 | D:3      | Found a faded altar of an unknown god.
  3008 | D:4      | Found a hide-covered altar of Uskayaw.
  3021 | D:4      | Reached XP level 5. HP: 35/39 MP: 0/0
  3021 | D:4      | Learned a level 2 spell: Passwall
  3086 | D:4      | Found a blossoming altar of Fedhas.
  3254 | D:4      | Reached XP level 6. HP: 39/46 MP: 0/0
  3545 | D:5      | Entered Level 5 of the Dungeon
  3545 | D:5      | Noticed a two-headed ogre
  3554 | D:5      | Slain by a two-headed ogre

Illustrated notes

Levels and vault maps discovered:
D:1:      ncdulo_wetmaze, layout_rooms, wad_woods_river_04
D:2:      layout_loops_ring
D:3:      corexii_shack_village, layout_loops_corners,
          nicolae_gozag_cash_rules_everything_around_me,
          shapermc_ecumenical_altar_mp_ritualfount, minmay_misc_feat_nine_boxes
D:4:      layout_basic, mainiacjoe_overflow_small_starburst,
          fedhas_ov_isle_minmay, corexii_corridor_pit
D:5:      cheibrodos_quashed, layout_loops_ring,
          nicolae_kikubaaqudgha_miasma_corner, trog_hazing_becter,
          minmay_temple_entry_statues_pillars, serial_shops, shop, uniq_ijyb

Skill      XL: |  1  2  3  4  5 |
---------------+----------------+-----
Spellcasting   | 4 |  4.1
Conjurations   | 4 |  4.1
Hexes          | 4 |  4.1
Summonings     | 4 |  4.1
Necromancy     | 4 |  4.1
Translocations | 4 |  4.1
Transmutations | 4 |  4.1
Fire Magic     | 4 |  4.1
Ice Magic      | 4 |  4.1
Air Magic      | 4 |  4.1
Earth Magic    | 4 |  4.1
Poison Magic   | 4 |  4.1
Fighting       | 1 2 3 |  3.6
Dodging        | |  2.1
Stealth        | |  1.5

Action                     |  1- 3 |  4- 6 || total
---------------------------+-------+-------++-------
  Melee: Unarmed           |     9 |       ||     9
   Cast: Foxfire           |    89 |    54 ||   143
         Scorch            |     4 |    33 ||    37
 Armour: Robe              |       |     1 ||     1
  Dodge: Dodged            |     9 |     5 ||    14

Table legend: (Time is in decaauts)
 A = Elapsed time spent in this place.
 B = Non-inter-level travel time spent in this place.
 C = Inter-level travel time spent in this place.
 D = Time resting spent in this place.
 E = Time spent auto-exploring this place.
 F = Levels seen in this place.
 G = Mean time per level.
                   A        B        C        D        E       F      G
               +--------+--------+--------+--------+--------+-----+--------+
         Total |   3551 |   3401 |    150 |      0 |   2981 |   5 |  710.2 |
       Dungeon |   3551 |   3401 |    150 |      0 |   2981 |   5 |  710.2 |
               +--------+--------+--------+--------+--------+-----+--------+

Top non-repeatable levels by time:
     D:3: 1104 daAuts
     D:4: 1054 daAuts
     D:1: 695 daAuts
     D:2: 688 daAuts
     D:5: 8 daAuts
